 Dungeon Crawl Stone Soup version 0.28.0-47-ge53b351184 (webtiles) character file.

Game seed: 7888917401841843460

36378 bobregger the Warrior (level 13, -11/150 (154) HPs)
             Began as an Ogre Berserker on May 2, 2022.
             Was a High Priest of Trog.
             Killed from afar by an orc sorcerer (22 damage)
             ... with a bolt of fire
             ... on level 2 of the Orcish Mines.
             The game lasted 00:38:23 (26707 turns).

bobregger the Warrior (Ogre Berserker)             Turns: 26707, Time: 00:38:24

HP:   -11/150 (154) AC:  9    Str: 24    XL:     13   Next: 89%
MP:   13/13         EV: 13    Int: 10    God:    Trog [*****.]
Gold: 2169          SH:  0    Dex: 14    Spells: 12/12 levels left

rFire   . . .      SeeInvis .   k - +4 flail (protect)
rCold   . . .      Faith    .   (no shield)
rNeg    + + .      Spirit   .   A - +2 robe {rN+}
rPois   .          Reflect  .   H - +1 hat
rElec   .          Harm     .   m - +2 cloak
rCorr   +          Rampage  .   (gloves unavailable)
Will    +....                   (boots unavailable)
Stlth   +.........              z - amulet of regeneration
HPRegen 1.15/turn               f - ring of positive energy
MPRegen 0.13/turn               o - ring of resist corrosion

@: spiked, lightly drained, unable to read
A: large, unfitting armour, tough skin 1, agile 1, clever 1, screaming 1,
inability to read while threatened
a: Renounce Religion, Berserk, Trog's Hand, Brothers in Arms


You were on level 2 of the Orcish Mines.
You worshipped Trog.
Trog was extremely pleased with you.
You visited 3 branches of the dungeon, and saw 18 of its levels.
You also visited: Gauntlet.

You collected 2169 gold pieces.

Inventory:

Hand Weapons
 d - a +3 giant spiked club
 k - a +4 flail of protection (weapon)
Missiles
 b - 2 throwing nets (quivered)
Armour
 m - a +2 cloak (worn)
 A - a +2 robe of positive energy (worn)
 H - a +1 hat (worn)
Jewellery
 f - a ring of positive energy (left hand)
 l - a ring of fire
 o - a ring of resist corrosion (right hand)
 v - a ring of magical power
 x - an amulet of reflection
 z - an amulet of regeneration (around neck)
 C - a ring of protection from cold
 E - a +6 ring of strength
Wands
 e - a wand of acid (6)
 y - a wand of flame (12)
 J - a wand of iceblast (2)
Scrolls
 a - 3 scrolls of vulnerability
 c - 5 scrolls of immolation
 h - 2 scrolls of fog
 j - 4 scrolls of blinking
 p - 5 scrolls of identify
 q - a scroll of summoning
 s - 3 scrolls of teleportation
 t - a scroll of magic mapping
 F - a scroll of silence
Potions
 g - a potion of berserk rage
 i - 2 potions of attraction
 n - a potion of curing
 r - a potion of flight
 u - 2 potions of lignification
 B - a potion of magic
 G - a potion of cancellation


   Skills:
 + Level 16.9 Fighting
 * Level 16.7 Maces & Flails
 + Level 7.6 Dodging


You had 12 spell levels left.
You didn't know any spells.
Your spell library was empty.

Dungeon Overview and Level Annotations

Branches:
Dungeon (12/15)            Temple (0/1) D:5            Lair (4/6) D:10
 Shoals (0/4) Lair:3        Snake (0/4) Lair:3          Orc (2/2) D:12
    Elf (0/3) Orc:2       Gauntlet (visited)

Altars:
Ashenzari
Cheibriados
Gozag
Nemelex Xobeh
Sif Muna
Trog
Yredelemnul
Beogh

Shops:
D:3 [

Annotations:
D:11 Grum


Innate Abilities, Weirdness & Mutations

You are too large for most types of armour.
You have tough skin. (AC +1)
You are agile. (Dex +2)
Your mind is acute. (Int +2)
You occasionally shout uncontrollably at your foes.
You sometimes lose the ability to read scrolls when taking damage.


Message History

You easily resist.
Unknown command.
The barbed spikes dig painfully into your body as you move.
* * * LOW HITPOINT WARNING * * *
The orc sorcerer gestures wildly while chanting.
The barbed spikes dig painfully into your body as you move.
* * * LOW HITPOINT WARNING * * *
You feel less invigorated.
You feel less confused.
The barbed spikes dig painfully into your body as you move.
* * * LOW HITPOINT WARNING * * *
The barbed spikes dig painfully into your body as you move.
* * * LOW HITPOINT WARNING * * *
The barbed spikes dig painfully into your body as you move.
* * * LOW HITPOINT WARNING * * *
The barbed spikes dig painfully into your body as you move.
* * * LOW HITPOINT WARNING * * *
You feel better.
The orc sorcerer mumbles some strange words.
You feel better.
The ynoxinul gestures.
Okay, then.
You feel better. The chaos spawn misses you.
The barbed spikes dig painfully into your body as you move.
* * * LOW HITPOINT WARNING * * *
The ufetubus shouts!
The ynoxinul gestures.
The barbed spikes dig painfully into your body as you move.
* * * LOW HITPOINT WARNING * * *
The chaos spawn degenerates into a cloud of primal chaos!
The barbed spikes dig painfully into your body as you move.
* * * LOW HITPOINT WARNING * * *
The barbed spikes dig painfully into your body as you move.
* * * LOW HITPOINT WARNING * * *
The orc sorcerer is engulfed in seething chaos.
The barbed spikes dig painfully into your body as you move.
* * * LOW HITPOINT WARNING * * *
The orc sorcerer points at you and mumbles some strange words.
The bolt of fire hits you!!
You die...

####.....# ##..555#.## #########
#...#.#### #.....#.# ####455..#
###......## ##.##.o..####
#.#.......### #.##........##
..#.........# #....).......#
............###...........####
.......<....#.[[@)...........##
.....#.........[....#.........##
...#.##........))...###........##
...######......))..###..........#
.....##.#.......<...##..[......##
....##..#.....................##
.............##..............##
##...........#...........#..##
.#..........####.........####


You could see an orc sorcerer, a red devil (summoned) and 5 ufetubi.

Vanquished Creatures
  A minotaur (Gauntlet)
  Snorg (D:11)
  3 hydras
  Erica (D:11)
  A centaur warrior (D:9)
  2 two-headed ogres
  A death knight (D:10)
  3 orc high priests (Orc:2)
  Urug (Lair:3)
  Nergalle (Lair:1)
  2 skeletal warriors
  2 deep elf pyromancers
  4 cyclopes
  4 orc sorcerers (Orc:2)
  A manticore (D:9)
  A gargoyle (D:12)
  A merfolk siren (Lair:3)
  A black mamba (Lair:2)
  8 cane toads
  Psyche (D:11)
  2 kobold demonologists (D:11)
  2 komodo dragons
  A freezing wraith (D:9)
  6 trolls
  2 hornets (D:9)
  Prince Ribbit (D:9)
  4 slime creatures (D:11)
  The ghost of bobregger the Skirmisher, an amateur OgBe of Trog (D:3)
  2 shadows
  A vampire (D:10)
  9 yaks (Lair:2)
  2 wyverns
  4 basilisks
  4 vampire mosquitoes (D:11)
  4 wargs
  3 swamp worms (Gauntlet)
  3 acid dragons
  6 water moccasins
  2 sky beasts (D:7)
  A swamp drake (D:12)
  A hornet zombie (D:5)
  26 orc warriors
  7 ogres
  4 wolves
  2 ice beasts
  A necrophage (D:6)
  2 centaurs
  A phantom (D:4)
  4 kobold brigands
  5 bullfrogs
  3 scorpions
  2 gnoll sergeants
  A killer bee (D:7)
  13 wights
  4 howler monkeys
  5 electric eels (D:10)
  A centaur skeleton (D:7)
  3 centaur zombies
  24 orc priests
  5 hounds
  A gnoll shaman (Orc:1)
  3 jellies
  An iguana (D:5)
  4 hell rats
  32 orc wizards
  A killer bee zombie (D:7)
  A hound zombie (D:5)
  A hound skeleton (D:4)
  15 gnolls
  2 howler monkey zombies
  5 adders
  A white imp (D:7)
  An ufetubus (D:6)
  An adder skeleton (D:4)
  3 worms
  3 dart slugs
  87 orcs
  8 endoplasms
  2 giant cockroaches
  8 goblins
  5 hobgoblins
  16 kobolds
  4 quokkas (D:2)
  3 ball pythons
  10 bats
  A rat (D:1)
  A spectral orc (D:12)
434 creatures vanquished.

Vanquished Creatures (collateral kills)
  A manticore (D:11)
  A komodo dragon (D:11)
  A slime creature (D:11)
  A vampire mosquito (D:11)
4 creatures vanquished.

Vanquished Creatures (others)
  A howler monkey (D:11)
  An orc priest (Orc:2)
  5 orc wizards
  An orc (Orc:2)
  3 fungi
  12 plants
23 creatures vanquished.

Grand Total: 461 creatures vanquished

Notes
Turn   | Place    | Note
-------+----------+-------------------------------------------
     0 | D:1      | bobregger the Ogre Berserker began the quest for the Orb.
     0 | D:1      | Reached XP level 1. HP: 24/24 MP: 1/1
   285 | D:1      | Reached XP level 2. HP: 32/32 MP: 2/2
  1054 | D:2      | Reached XP level 3. HP: 40/40 MP: 3/3
  2213 | D:3      | Reached ** piety under Trog
  2223 | D:3      | Found Odghyskiu's Antique Armour Shop.
  2241 | D:3      | Reached XP level 4. HP: 44/49 MP: 4/4
  2324 | D:3      | Reached skill level 5 in Fighting
  2850 | D:3      | Found a large runed translucent door.
  2850 | D:3      | Found a large runed translucent door.
  2851 | D:3      | Noticed bobregger's ghost (amateur OgBe)
  2889 | D:3      | Killed bobregger's ghost
  2890 | D:3      | Reached skill level 5 in Maces & Flails
  2890 | D:3      | Reached XP level 5. HP: 59/59 MP: 5/5
  2890 | D:3      | Reached XP level 6. HP: 67/67 MP: 6/6
  4288 | D:4      | Reached XP level 7. HP: 58/76 MP: 7/7
  4613 | D:5      | Entered Level 5 of the Dungeon
  5600 | D:5      | Found a staircase to the Ecumenical Temple.
  5636 | D:5      | Reached XP level 8. HP: 14/88 MP: 8/8
  6046 | D:5      | Identified the +1 whip "Killer Bee's Regret" {freeze,
                  | rPois}
  6620 | D:6      | Found an opulent altar of Gozag.
  6753 | D:6      | Reached *** piety under Trog
  6964 | D:6      | Identified the +3 scale mail of Qicvoomy {rCorr MP+9}
  7438 | D:7      | Found a broken altar of Ashenzari.
  7553 | D:7      | Found a shimmering blue altar of Sif Muna.
  7614 | D:7      | Noticed a skeletal warrior
  7644 | D:7      | Killed a skeletal warrior
  7645 | D:7      | Reached XP level 9. HP: 13/101 MP: 9/9
  7957 | D:7      | Reached skill level 10 in Fighting
  8624 | D:8      | Reached skill level 10 in Maces & Flails
  9354 | D:8      | Found a snail-covered altar of Cheibriados.
  9669 | D:8      | Reached XP level 10. HP: 67/113 MP: 10/10
 11038 | D:9      | Noticed a skeletal warrior
 11038 | D:9      | Noticed a cyclops
 11057 | D:9      | Killed a skeletal warrior
 11062 | D:9      | Killed a cyclops
 11447 | D:9      | Noticed Prince Ribbit
 11467 | D:9      | Killed Prince Ribbit
 11537 | D:9      | Noticed a centaur warrior
 11554 | D:9      | Killed a centaur warrior
 12075 | D:9      | Noticed a manticore
 12087 | D:9      | Killed a manticore
 12088 | D:9      | Reached XP level 11. HP: 79/126 MP: 11/11
 12417 | D:9      | Paralysed by a hornet for 2 turns
 12513 | D:9      | Found a bloodstained altar of Trog.
 12609 | D:10     | Entered Level 10 of the Dungeon
 12638 | D:10     | Noticed Psyche
 12848 | D:11     | Noticed a two-headed ogre
 12850 | D:11     | Killed Psyche
 12863 | D:11     | Killed a two-headed ogre
 13930 | D:10     | Found a staircase to the Lair.
 13955 | D:10     | Found a sparkling altar of Nemelex Xobeh.
 14036 | D:10     | Noticed a two-headed ogre
 14058 | D:10     | Killed a two-headed ogre
 15032 | D:10     | Noticed a death knight
 15044 | D:10     | Killed a death knight
 15557 | D:10     | Reached **** piety under Trog
 16506 | D:11     | Noticed Erica
 16515 | D:11     | Killed Erica
 16599 | D:11     | Noticed a soul eater
 17137 | Lair:1   | Entered Level 1 of the Lair of Beasts
 17195 | Lair:1   | Noticed a seven-headed hydra
 17203 | Lair:1   | Killed a seven-headed hydra
 17300 | Lair:1   | Reached XP level 12. HP: 89/140 MP: 12/12
 17929 | Lair:1   | Noticed Nergalle
 17947 | Lair:1   | Killed Nergalle
 18737 | Lair:2   | Found a gate leading to a gauntlet.
 18838 | Gauntlet | Entered a Gauntlet
 18838 | Gauntlet | Found a transporter.
 18848 | Gauntlet | Found a transporter.
 18851 | Gauntlet | Found a transporter.
 18852 | Gauntlet | Found a transporter.
 18860 | Gauntlet | Found a transporter.
 18863 | Gauntlet | Found a transporter.
 18864 | Gauntlet | Found a transporter.
 18866 | Gauntlet | Noticed a hell hog
 18868 | Gauntlet | Found a runed translucent door.
 18870 | Gauntlet | Found a runed translucent door.
 18872 | Gauntlet | Found a transporter.
 18875 | Gauntlet | Found a transporter.
 18876 | Gauntlet | Found a transporter.
 18880 | Gauntlet | Noticed a catoblepas
 18887 | Gauntlet | Found a transporter.
 18887 | Gauntlet | Found a transporter.
 18888 | Gauntlet | Found a transporter.
 18896 | Gauntlet | Found a transporter.
 19282 | Gauntlet | Noticed a minotaur
 19291 | Gauntlet | Killed a minotaur
 19454 | Lair:2   | Reached skill level 15 in Fighting
 19721 | Lair:2   | Reached skill level 5 in Dodging
 19867 | Lair:2   | Reached skill level 15 in Maces & Flails
 20853 | Lair:3   | Noticed Urug
 21021 | Lair:3   | Killed Urug
 21166 | Lair:3   | You fall into a shaft and drop 1 floor!
 21173 | Lair:4   | Noticed a catoblepas
 21342 | Lair:3   | Found a staircase to the Snake Pit.
 21371 | Lair:3   | Found an opulent altar of Gozag.
 21441 | Lair:3   | Found a staircase to the Shoals.
 22058 | D:11     | Noticed Snorg
 22058 | D:11     | Noticed Grum
 22075 | D:11     | Noticed an eight-headed hydra
 22085 | D:11     | Killed an eight-headed hydra
 22157 | D:11     | Reached XP level 13. HP: 106/152 MP: 13/13
 22337 | D:11     | Killed Snorg
 22589 | D:11     | Gained mutation: You are clumsy. (Dex -2) [potion of
                  | mutation]
 22589 | D:11     | Gained mutation: You have hidden genetic potential. [potion
                  | of mutation]
 22589 | D:11     | Gained mutation: Your flesh is cold resistant. (rC+)
                  | [potion of mutation]
 23801 | D:12     | Found a staircase to the Orcish Mines.
 24047 | D:12     | Found a basalt altar of Yredelemnul.
 24170 | Orc:1    | Entered Level 1 of the Orcish Mines
 24426 | Orc:2    | Entered Level 2 of the Orcish Mines
 25106 | Orc:2    | Found a staircase to the Elven Halls.
 25192 | Orc:2    | Paralysed by an orc sorcerer for 7 turns
 25408 | Orc:2    | Reached ***** piety under Trog
 25752 | Orc:2    | Paralysed by an orc sorcerer for 7 turns
 25766 | Orc:2    | Lost mutation: You have hidden genetic potential. [a
                  | neqoxec]
 26036 | Orc:1    | Received a gift from Trog
 26517 | Orc:1    | Lost mutation: You are clumsy. (Dex -2) [potion of
                  | mutation]
 26517 | Orc:1    | Lost mutation: Your flesh is cold resistant. (rC+) [potion
                  | of mutation]
 26517 | Orc:1    | Gained mutation: You occasionally shout uncontrollably at
                  | your foes. [potion of mutation]
 26517 | Orc:1    | Gained mutation: You sometimes lose the ability to read
                  | scrolls when taking damage. [potion of mutation]
 26517 | Orc:1    | Gained mutation: Your mind is acute. (Int +2) [potion of
                  | mutation]
 26517 | Orc:1    | Gained mutation: You are agile. (Dex +2) [potion of
                  | mutation]
 26685 | Orc:2    | Paralysed by an orc sorcerer for 3 turns
 26687 | Orc:2    | HP: 7/154 [orc sorcerer/bolt of fire (11)]
 26692 | Orc:2    | HP: 4/150 [barbs]
 26698 | Orc:2    | HP: 5/150 [barbs]
 26699 | Orc:2    | HP: 1/150 [barbs]
 26707 | Orc:2    | Killed from afar by an orc sorcerer

Illustrated notes

Levels and vault maps discovered:
D:1:      saegor_arrival_miasma, layout_basic, shapermc_ecumenical_altar_petra
D:2:      layout_basic
D:3:      layout_rooms, ebering_ghost_disaster_area, serial_shops,
          nicolae_diamond_shop, serial_co_window_serial, co_window_corner_a,
          co_window_corner_a, co_window_paths_a, co_window_paths_b,
          co_window_paths_b, co_window_corner_a, co_window_of_opportunity_a,
          co_window_paths_a, co_window_paths_a, co_window_broadway_c,
          co_window_cross_2, co_window_unsneaky_path_b, co_window_corner_b,
          co_window_broadway_a, glass_columns_c, glass_columns_a,
          glass_columns_a, glass_columns_a
D:4:      layout_gridville
D:5:      layout_basic, minmay_temple_entry_overgrown
D:6:      layout_loops_ring, amcnicky_altar_gilded, kennysheep_small_circle
D:7:      layout_gridville, ashenzari_altar_1,
          mainiacjoe_overflow_six_doors_small, minmay_checkerbox
D:8:      layout_layer_cave, slow_altar_2, grunt_ministairs_3,
          nicolae_elevator_lobby_plus
D:9:      layout_loops_corners, lemuel_crystal_altar, minmay_shattered_shrine,
          uniq_prince_ribbit1
D:10:     layout_basic, mainiacjoe_overflow_alcove_2, erik_lair_orcish_takeover,
          uniq_psyche
D:11:     layout_loops_corners, uniq_erica, uniq_snorg, uniq_grum
D:12:     layout_cave_pools, erik_orc_1, yredelemnul_forgotten_temple_becter
Lair:1:   layout_regular_city, infiniplex_staircase_pool, uniq_nergalle
Lair:2:   layout_cave_pods, gauntlet_entry_generic, grunt_megastairs_5,
          lemuel_fruit_tree, lemuel_fruit_fields
Lair:3:   layout_concentric_octagons, minmay_shoals_entry_lonely_mermaid,
          dummy_snake_entry, basic_altar, uniq_urug
Lair:4:   layout_gridlike, grunt_forest_small_clearings
Orc:1:    layout_diamond_mine, basic_altar, nicolae_orc_lava_tube
Orc:2:    st_orc_mages, layout_diamond_mine, basic_altar, bh_open_orc_temple

Skill      XL: |  1  2  3  4  5  6  7  8  9 10 11 12 13 |
---------------+----------------------------------------+-----
Maces & Flails | 3 5 6 7 9 10 12 14 15 16 | 16.7
Fighting       | 6 7 9 11 12 14 15 16 | 16.9
Dodging        | 3 6 7 |  7.6

Action                   |  1- 3 |  4- 6 |  7- 9 | 10-12 | 13-15 || total
-------------------------+-------+-------+-------+-------+-------++-------
Melee: Mace              |   111 |    47 |       |       |       ||   158
       Flail             |       |    65 |   300 |   701 |   585 ||  1651
       Punch             |       |     1 |     4 |    14 |     8 ||    27
Invok: Berserk           |       |     3 |     6 |    15 |     6 ||    30
       Trog's Hand       |       |       |     2 |     4 |     2 ||     8
Evoke: Wand              |       |       |       |       |     3 ||     3
  Use: Scroll            |       |       |    16 |     5 |    14 ||    35
       Potion            |       |       |     5 |       |     7 ||    12
 Stab: Sleeping          |       |     1 |       |       |       ||     1
       Invisible         |       |       |     2 |       |       ||     2
Armor: Animal skin       |    46 |    58 |    88 |       |       ||   192
       Robe              |       |       |    84 |   298 |   297 ||   679
Dodge: Dodged            |    89 |    71 |   197 |   313 |   330 ||  1000
Block: Other             |       |       |    74 |    94 |       ||   168
       Reflection        |       |       |     1 |     1 |       ||     2
